 Dungeon Crawl Stone Soup version 0.13.0-26-gf7ffa3a (webtiles) character file.

4898 M4edhros the Unseen (level 10, -5/54 HPs)
             Began as an Octopode Artificer on Nov 1, 2013.
             Was a Priest of Makhleb.
             Killed from afar by a manticore (10 damage)
             ... with a volley of spikes
             ... on Level 9 of the Dungeon.
             The game lasted 00:27:29 (9372 turns).

M4edhros the Unseen (Octopode Artificer)            Turns: 9372, Time: 00:27:29

HP  -5/54        AC  1     Str 11      XL: 10   Next: 38%
MP   6/6         EV 13     Int 17      God: Makhleb [***...]
Gold 425         SH  0     Dex 19      Spells:  2 memorised, 13 levels left

Res.Fire  : . . .   See Invis. : .   p - +9,+8 hammer of Kufiprud {antimagic, rPois MR+ Dex+3}
Res.Cold  : . . .   Warding    : .   (no shield)
Life Prot.: + . .   Conserve   : .   (helmet restricted)
Res.Poison: +       Res.Corr.  : .   K - amulet of rage
Res.Elec. : .       Clarity    : .   m - +3 ring of dexterity
Sust.Abil.: + .     Spirit.Shd : .   j - ring of positive energy
Res.Mut.  : .       Stasis     : .   H - ring of sustain abilities
Res.Rott. : .       Flight     : .   (no ring)
Saprovore : . . .                    (no ring)
                                     (no ring)
                                     (no ring)
                                     (no ring)

@: quite resistant to hostile enchantments, extraordinarily stealthy
A: almost no armour, amphibious, 8 rings, constrict 8, camouflage 1,
deterioration 1, -10% hp, sense surroundings 1, AC +1
a: Minor Destruction, Lesser Servant of Makhleb, Renounce Religion, Evoke
Berserk Rage


You were on level 9 of the Dungeon.
You worshipped Makhleb.
Makhleb was most pleased with you.
You were not hungry.

You visited 2 branches of the dungeon, and saw 10 of its levels.
You also visited: Ossuary.

You collected 405 gold pieces.

Inventory:

Hand weapons
 p - the +9,+8 hammer of Kufiprud (weapon) {antimagic, rPois MR+ Dex+3}
   (You found it on level 4 of the Dungeon)

   It disrupts the flow of magical energy around spellcasters and certain
   magical creatures (including the wielder).
   It affects your dexterity (+3).
   It protects you from poison.
   It affects your resistance to hostile enchantments.
 t - a +3,+3 flail of protection
 A - a cursed +1,+1 dagger of freezing (quivered)
Magical devices
 a - a wand of lightning (1)
 b - a wand of flame (0)
 c - a wand of enslavement (5)
 d - a wand of random effects (0)
 i - a wand of lightning (0)
 q - a wand of slowing (8)
 z - a wand of disintegration (0)
 B - a wand of paralysis (15)
 D - a wand of confusion (5)
 J - a wand of invisibility (6)
Comestibles
 f - 2 bread rations
 o - a rotting chunk of orc flesh
 s - a pear
 x - 2 apples
Scrolls
 r - a scroll of magic mapping {unknown}
 v - 8 scrolls of remove curse
 w - 3 scrolls of teleportation
 G - a scroll of enchant weapon II
 I - 4 scrolls of enchant weapon I {unknown}
 M - a scroll of fog
Jewellery
 j - a ring of positive energy (right tentacle)
 m - a +3 ring of dexterity (left tentacle)
 E - an uncursed amulet of resist mutation
 H - a ring of sustain abilities (on tentacle)
 K - an amulet of rage (around mantle)
Potions
 e - 2 potions of speed
 g - 2 potions of flight
 h - 2 potions of restore abilities
 l - a potion of invisibility
 n - 3 potions of resistance
 C - 3 potions of curing
 F - 3 potions of berserk rage
 L - 2 potions of confusion
Books
 k - a book of Necromancy

   Spells                             Type                      Level
   *Pain                              Necromancy                   1
   Animate Skeleton                   Necromancy                   1
   Lethal Infusion                    Charms/Necromancy            2
   Vampiric Draining                  Necromancy                   3
   *Regeneration                      Charms/Necromancy            3
   Animate Dead                       Necromancy                   4
   Control Undead                     Necromancy                   4


   Skills:
 - Level 1.0 Fighting
 - Level 1.0 Short Blades
 - Level 2.0 Dodging
 + Level 15.2 Stealth
 + Level 4.4 Spellcasting
 - Level 4.0 Charms
 + Level 4.1 Necromancy
 * Level 3.5 Invocations
 * Level 5.6 Evocations


You had 13 spell levels left.
You knew the following spells:

 Your Spells              Type           Power        Failure   Level  Hunger
a - Regeneration          Chrm/Necr      ###.......   10%         3    ###....
b - Pain                  Necr           ###.         2%          1    None


Dungeon Overview and Level Annotations

Branches:
Dungeon (9/27)             Temple (1/1) D:7
    Orc: D:6-11        Lair: D:8-13

Altars:
Ashenzari
Cheibriados
Elyvilon
Kikubaaqudgha
Makhleb
Nemelex Xobeh
Sif Muna
Trog
Vehumet
Xom
Yredelemnul
Zin
the Shining One

Annotations:
D:8 Erolcha


Innate Abilities, Weirdness & Mutations

You cannot wear most types of armour.
You are amphibious.
You can wear up to eight rings at the same time.
You can use your tentacles to constrict many enemies at once.
Your skin changes colour to match your surroundings (Stlth).
Your rubbery body absorbs attacks (AC +1).
Your body is slowly deteriorating.
You are frail (-10% HP).
You passively map a small area around you.


Message History

The helpless manticore fails to defend itself.
You hit the manticore.
The manticore is lightly wounded.
The manticore bites you! The manticore barely misses you.
The manticore claws you.
You sock the manticore!
The manticore is moderately wounded.
The manticore bites you. The manticore claws you! The manticore claws you!
Use which ability? (? or * to list)
A demon appears!
It doesn't seem very happy.
You feel slightly more hungry.
The manticore flicks its tail!
The volley of spikes hits you!
* * * LOW HITPOINT WARNING * * *
Drink which item? (? for menu, Esc to quit)
Okay, then.
Read which item? (? for menu, Esc to quit)
As you read the scroll of fear, it crumbles to dust.
You assume a fearsome visage.
The smoke demon is unaffected.
The manticore looks frightened!
The manticore turns to fight!
The manticore flicks its tail!
The volley of spikes hits you!
You die...

######## ###########
#......# ***
#.........###......#
#.........'.#...(..#
#.........#.#.3>...#*
*
#.........#.'...@..+
*
+.........###.$...H#
#.........# #####+##
, #.........# #.#
########'## ##.# #..#
#..# #######'### #.##
#.......^.# #.# * ,
#.........# ####.###


You could see a manticore and a smoke demon.

Vanquished Creatures
  Grinder (D:6)
  Eustachio (D:7)
  A hippogriff (D:8)
  A manticore (D:8)
  Edmund (D:4)
  An orc warrior (D:9)
  The ghost of erdraug the Ruinous, an average TeCj (Ossuary)
  A necrophage (D:6)
  2 black bears (D:7)
  An ice beast (D:8)
  An ogre (D:9)
  4 sky beasts
  3 centaurs
  Sigmund (D:3)
  2 water moccasins
  Blork the orc (D:7)
  5 giant frogs
  A komodo dragon skeleton (D:7)
  11 killer bees
  5 wights (D:6)
  A yak skeleton (D:7)
  A quasit (D:8)
  5 crimson imps
  3 hounds
  5 iguanas
  An orc priest (D:7)
  A gnoll shaman (D:7)
  2 orc wizards (D:7)
  3 scorpions
  5 worker ants
  Ijyb (D:4)
  11 mummies (Ossuary)
  13 gnolls
  A worker ant zombie (D:7)
  13 adders
  An inept item mimic (D:5)
  3 worms
  A giant eyeball (D:4)
  9 giant geckos
  19 orcs
  2 ball pythons (D:2)
  2 giant cockroaches (D:3)
  15 hobgoblins
  10 jackals
  3 quokkas
  17 bats
  6 giant newts
  2 gnoll skeletons (Ossuary)
  9 goblins
  A goblin skeleton (Ossuary)
  A hobgoblin skeleton (D:7)
  A hobgoblin zombie (D:8)
  16 kobolds
  4 kobold skeletons (Ossuary)
  2 orc skeletons
  14 rats
  12 rat skeletons
  A butterfly (D:7)
262 creatures vanquished.

Vanquished Creatures (collateral kills)
  Crazy Yiuf (D:6)
  A hobgoblin (D:6)
  A kobold zombie (D:6)
3 creatures vanquished.

Grand Total: 265 creatures vanquished

Notes
Turn   | Place    | Note
--------------------------------------------------------------
     0 | D:1      | M4edhros, the Octopode Artificer, began the quest for the Orb.
     0 | D:1      | Reached XP level 1. HP: 14/14 MP: 1/1
   175 | D:1      | Reached XP level 2. HP: 12/19 MP: 3/3
   454 | D:2      | Reached skill level 4 in Stealth
   454 | D:2      | Reached XP level 3. HP: 16/24 MP: 4/4
   805 | D:3      | Found a snail-covered altar of Cheibriados.
   973 | D:4      | Noticed Crazy Yiuf
   983 | D:4      | Got a faintly glowing hammer
   988 | D:4      | Identified the +9,+8 hammer of Kufiprud {antimagic, rPois MR+ Dex+3} (You found it on level 4 of the Dungeon)
  1060 | D:4      | Reached skill level 5 in Stealth
  1060 | D:4      | Reached XP level 4. HP: 29/29 MP: 2/6
  1130 | D:4      | Reached skill level 6 in Stealth
  1140 | D:4      | Reached XP level 5. HP: 15/34 MP: 2/7
  1267 | D:4      | Noticed Ijyb
  1278 | D:4      | Noticed Edmund
  1294 | D:4      | Killed Ijyb
  1294 | D:4      | Reached skill level 7 in Stealth
  1325 | D:4      | Paralysed by a giant eyeball for 4 turns
  1447 | D:4      | Killed Edmund
  1447 | D:4      | Reached skill level 8 in Stealth
  1447 | D:4      | Reached XP level 6. HP: 5/39 MP: 3/9
  1737 | D:4      | Reached skill level 9 in Stealth
  1851 | D:5      | Entered Level 5 of the Dungeon
  2266 | D:5      | Reached skill level 10 in Stealth
  2266 | D:5      | Reached XP level 7. HP: 42/44 MP: 10/10
  2838 | D:6      | Reached skill level 11 in Stealth
  2849 | D:6      | Noticed Grinder
  2863 | D:6      | Killed Crazy Yiuf
  2881 | D:6      | Killed Grinder
  2966 | D:6      | Reached skill level 12 in Stealth
  2966 | D:6      | Reached XP level 8. HP: 37/50 MP: 12/12
  3468 | D:6      | Reached skill level 13 in Stealth
  3755 | D:7      | Learned a level 3 spell: Regeneration
  3794 | D:7      | Learned a level 1 spell: Pain
  3832 | D:7      | Reached skill level 14 in Stealth
  3930 | D:7      | Found a sand-covered staircase.
  4057 | D:7      | Noticed Blork the orc
  4062 | D:7      | Killed Blork the orc
  4062 | D:7      | Reached skill level 1 in Charms
  4105 | D:7      | Noticed Eustachio
  4232 | Ossuary  | Entered an ossuary
  4338 | Ossuary  | Reached skill level 1 in Spellcasting
  4345 | Ossuary  | Noticed erdraug's ghost (average TeCj)
  4351 | Ossuary  | Killed erdraug's ghost
  4351 | Ossuary  | Reached skill level 1 in Necromancy
  4351 | Ossuary  | Reached XP level 9. HP: 10/54 MP: 13/13
  4931 | D:7      | Killed Eustachio
  5424 | D:7      | Found a staircase to the Ecumenical Temple.
  5493 | Temple   | Entered the Ecumenical Temple
  5549 | Temple   | Became a worshipper of Makhleb the Destroyer
  5859 | D:7      | HP: 2/54 [gnoll/flail (12)]
  6171 | D:3      | Acquired Makhleb's first power
  6365 | D:3      | Noticed Sigmund
  6374 | D:3      | Killed Sigmund
  6581 | D:3      | Acquired Makhleb's second power
  7918 | D:8      | Reached skill level 15 in Stealth
  7918 | D:8      | Reached skill level 1 in Invocations
  8040 | D:8      | Reached XP level 10. HP: 35/60 MP: 2/18
  8117 | D:8      | Acquired Makhleb's third power
  8311 | D:8      | Noticed a centaur warrior
  8352 | D:8      | Gained mutation: You have an increased reservoir of magic (+10% MP). [mutagenic meat]
  8354 | D:8      | Gained mutation: You are frail (-10% HP). [mutagenic meat]
  8365 | D:8      | Reached skill level 5 in Evocations
  8809 | D:8      | Noticed Erolcha
  8959 | D:9      | HP: 1/54 [orc warrior/orcish great mace (17)]
  9304 | D:9      | Paralysed by a potion of paralysis for 6 turns
  9310 | D:9      | Lost mutation: You have an increased reservoir of magic (+10% MP). [potion of mutation]
  9310 | D:9      | Gained mutation: Your body is slowly deteriorating. [potion of mutation]
  9310 | D:9      | Gained mutation: You passively map a small area around you. [potion of mutation]
  9372 | D:9      | Killed from afar by a manticore

Action                   |  1- 3 |  4- 6 |  7- 9 | 10-12 || total
-------------------------+-------+-------+-------+-------++-------
Melee: Short sword       |    37 |       |       |       ||    37
       Sabre             |     8 |       |       |       ||     8
       Hammer            |     1 |    33 |   185 |    84 ||   303
       Flail             |       |    40 |   148 |       ||   188
       Dagger            |       |       |     1 |       ||     1
 Cast: Pain              |       |       |    13 |       ||    13
       Regeneration      |       |       |     3 |     2 ||     5
Invok: Lesser Servant of |       |       |       |     1 ||     1
Evoke: Wand              |     1 |     8 |    30 |    26 ||    65
  Use: Potion            |     6 |     1 |     8 |    12 ||    27
       Scroll            |     5 |     2 |    11 |     3 ||    21
 Stab: Sleeping          |    10 |     7 |    56 |     3 ||    76
       Distracted        |       |       |     3 |     1 ||     4
       Confused          |       |       |       |     1 ||     1
       Invisible         |       |       |       |     1 ||     1
